 Dungeon Crawl Stone Soup version 0.22.0-16-gc6d26f6 (webtiles) character file.

6151 Amnesiac the Destroyer (level 10, -10/63 HPs)
             Began as a Mummy Ice Elementalist on Aug 18, 2018.
             Was a Priest of Vehumet.
             Mangled by Sylith's ghost (19 damage)
             ... on level 9 of the Dungeon.
             The game lasted 00:26:06 (10809 turns).

Amnesiac the Destroyer (Mummy Ice Elementalist)    Turns: 10809, Time: 00:26:07

Health: -10/63     AC:  7    Str: 15    XL:     10   Next: 59%
Magic:  3/21       EV: 13    Int: 19    God:    Vehumet [***...]
Gold:   504        SH:  5    Dex: 12    Spells: 12/24 levels left

rFire    x . .     SeeInvis +   a - +0 hunting sling
rCold    + . .     Gourm    .   b - +0 buckler
rNeg     + + +     Faith    .   n - +0 troll leather armour
rPois    ∞         Spirit   .   (no helmet)
rElec    .         Reflect  .   c - +0 cloak
rCorr    .         Harm     .   (no gloves)
MR       +....                  h - +1 pair of boots
Stlth    +.........             u - amulet of regeneration
HPRegen  1.00/turn              j - ring of see invisible
MPRegen  0.17/turn              x - +4 ring of strength

@: very slightly contaminated
A: no food or potions, fire vulnerability, cold resistance 1, negative energy
resistance 3, torment resistance, unbreathing
a: Renounce Religion


You were on level 9 of the Dungeon.
You worshipped Vehumet.
Vehumet was most pleased with you.
You were not hungry.

You visited 2 branches of the dungeon, and saw 10 of its levels.
You also visited: Sewer.

You collected 504 gold pieces.

Inventory:

Hand Weapons
 a - a +0 hunting sling (weapon)
Missiles
 l - 28 sling bullets (quivered)
 m - 231 stones
Armour
 b - a +0 buckler (worn)
 c - a +0 cloak (worn)
 h - a +1 pair of boots (worn)
 n - a +0 troll leather armour (worn)
Jewellery
 f - a +2 amulet of reflection
 j - a ring of see invisible (left hand)
 u - an amulet of regeneration (around neck)
 x - a +4 ring of strength (right hand)
 C - an uncursed ring of protection from fire {unknown}
Wands
 q - a wand of random effects (67)
 r - a wand of acid (1)
 z - a wand of digging (17)
 B - a wand of paralysis (11)
Scrolls
 d - a scroll of immolation {!r}
 e - 3 scrolls of enchant weapon {!r}
 g - 12 scrolls of identify {!r}
 i - a scroll of brand weapon {!r}
 k - a scroll of blinking {!r}
 o - 4 scrolls of remove curse {!r}
 p - 2 scrolls of vulnerability {!r, unknown}
 s - 2 scrolls of enchant armour {!r}
 t - 2 scrolls of amnesia {!r, unknown}
 v - 2 scrolls of teleportation {!r}
 w - a scroll of magic mapping {!r, unknown}
 y - a scroll of fear {!r}
 A - 3 scrolls of fog {!r, unknown}


   Skills:
 + Level 3.8 Dodging
 - Level 1.5 Stealth
 - Level 4.0 Shields
 + Level 7.9 Spellcasting
 * Level 8.1 Conjurations
 * Level 8.1 Ice Magic


You had 12 spell levels left.
You knew the following spells:

 Your Spells              Type           Power        Failure   Level  Hunger
a - Throw Icicle          Conj/Ice       #####...     1%          4    N/A
b - Ozocubu's Armour      Chrm/Ice       ###.....     6%          3    N/A
c - Summon Ice Beast      Ice/Summ       ###.....     22%         4    N/A
d - Freeze                Ice            ####         1%          1    N/A

Your spell library contained the following spells:

 Spells                   Type           Power        Failure   Level  Hunger
 Throw Frost              Conj/Ice       #####.       1%          2    N/A

Dungeon Overview and Level Annotations

Branches:
Dungeon (9/15)             Temple (1/1) D:7            Lair (0/6) D:9
    Orc: D:9-12

Altars:
Ashenzari
Cheibriados
Dithmenos
Elyvilon
Gozag
Hepliaklqana
Kikubaaqudgha
Makhleb
Nemelex Xobeh
Okawaru
Qazlal
Ru
Sif Muna
Trog
Uskayaw
Vehumet
Wu Jian
Xom
Yredelemnul
Zin
The Shining One

Shops:
D:9 *

Annotations:
D:6 digblink
D:9 Sylith's ghost, novice DsCK


Innate Abilities, Weirdness & Mutations

You do not eat or drink.
Your flesh is vulnerable to fire.
You are immune to poison.
Your flesh is cold resistant. (rC+)
You are immune to negative energy. (rN+++)
You are immune to unholy pain and torment.
You can survive without breathing.


Message History

Aiming: Corrosive Bolt
Press: ? - help, Shift-Dir - straight line, f - Sylith's ghost
Aim: Sylith's ghost, wielding a weapon of electrocution (lightly damaged)
The bolt of acid hits Sylith's ghost.
Sylith's ghost is splashed with acid.
Sylith's ghost is moderately damaged.
Evoke which item? (* to show all) (? for menu, Esc to quit)
Aiming: Corrosive Bolt
Press: ? - help, Shift-Dir - straight line, f/p - Sylith's ghost
Aim: Sylith's ghost, wielding a weapon of electrocution (moderately damaged)
The bolt of acid misses Sylith's ghost.
Sylith's ghost misses you.
Evoke which item? (* to show all) (? for menu, Esc to quit)
Aiming: Corrosive Bolt
Press: ? - help, Shift-Dir - straight line, f/p - Sylith's ghost
Aim: Sylith's ghost, wielding a weapon of electrocution (moderately damaged)
The bolt of acid hits Sylith's ghost.
Sylith's ghost is splashed with acid.
The acid corrodes Sylith's ghost!
Sylith's ghost is moderately damaged.
Sylith's ghost whispers, "They're coming for you..."
Sylith's ghost barely misses you.
Casting: Freeze (safe; 1% risk of failure)
Confirm with . or Enter, or press ? or * to list all spells.
Okay, then.
Casting: Freeze (safe; 1% risk of failure)
Confirm with . or Enter, or press ? or * to list all spells.
A chill wind blows around you. Sylith's ghost hits your ice beast!
Lightning courses through your ice beast!
Your ice beast dies!
Sylith's ghost turns its malevolent gaze towards you.
Evoke which item? (* to show all) (? for menu, Esc to quit)
Aiming: Paralyse
Press: ? - help, Shift-Dir - straight line, f/p - Sylith's ghost
Aim: Sylith's ghost, wielding a weapon of electrocution (moderately damaged, covered in acid, chance to defeat MR: 12%)
Okay, then.
Evoke which item? (* to show all) (? for menu, Esc to quit)
Okay, then.
Evoke which item? (* to show all) (? for menu, Esc to quit)
Okay, then.
Evoke which item? (* to show all) (? for menu, Esc to quit)
Aiming: Corrosive Bolt
Press: ? - help, Shift-Dir - straight line, f/p - Sylith's ghost
Aim: Sylith's ghost, wielding a weapon of electrocution (moderately damaged, covered in acid)
The bolt of acid hits Sylith's ghost.
Sylith's ghost appears unharmed.
Sylith's ghost is moderately damaged.
Sylith's ghost hits you!
You are electrocuted!
Evoke which item? (* to show all) (? for menu, Esc to quit)
Aiming: Corrosive Bolt
Press: ? - help, Shift-Dir - straight line, f/p - Sylith's ghost
Aim: Sylith's ghost, wielding a weapon of electrocution (moderately damaged, covered in acid)
The bolt of acid hits Sylith's ghost.
Sylith's ghost is splashed with acid.
Sylith's ghost is heavily damaged.
Sylith's ghost hits you!
* * * LOW HITPOINT WARNING * * *
Evoke which item? (* to show all) (? for menu, Esc to quit)
Aiming: Corrosive Bolt
Press: ? - help, Shift-Dir - straight line, f/p - Sylith's ghost
Aim: Sylith's ghost, wielding a weapon of electrocution (heavily damaged, covered in acid)
The bolt of acid hits Sylith's ghost.
Sylith's ghost is splashed with acid.
The acid corrodes Sylith's ghost!
Sylith's ghost is heavily damaged.
Sylith's ghost hits you!!
* * * LOW HITPOINT WARNING * * *
You are electrocuted!
You die...

#.# #.# #...........#
#.# #.# #............
#.# #.# #...........#
######!#####.##
#.......}...#
..............#
#...........#
###.######⌠.⌠.#
########........# #.#
#.∩..# #.##.8.##.......#
#.#
#⌠.⌠####.#..$.∩#.......#
#.#
###....@W'$$..8#........
#.#
#.###.YY$_8$∩#########
#.# #.# ##.'.$$$8# #.#
#.# #.#$$$$∩#
###.########.# #.##!8.##
.............# ########
...<...#####.# #.#
.......# #.# #.#
.......# #.# #.#


You could see Sylith's ghost and 2 friendly ice beasts.

Vanquished Creatures
  2 two-headed ogres (D:8)
  Joseph (D:8)
  A troll (D:9)
  A spriggan (D:7)
  2 yaks (D:9)
  A human (D:8)
  A hungry ghost (D:9)
  A water moccasin (D:9)
  Edmund (D:6)
  A porcupine (D:9)
  An ice beast (D:7)
  2 sky beasts
  An eye of draining (D:9)
  2 orc warriors
  An ogre (D:9)
  A centaur (D:8)
  4 big kobolds
  4 bullfrogs
  3 scorpions
  4 killer bees
  10 crimson imps
  A bullfrog zombie (D:4)
  6 hounds
  A jelly (D:5)
  4 orc priests
  2 centaur skeletons
  4 iguanas
  5 orc wizards (D:8)
  3 worker ants
  A mummy (D:4)
  A howler monkey zombie (D:8)
  4 gnolls (D:4)
  A howler monkey skeleton (D:9)
  15 adders
  2 river rats (D:3)
  3 shadow imps (D:9)
  2 oozes
  An adder skeleton (D:9)
  4 worms (D:3)
  2 dart slugs
  7 leopard geckos
  18 orcs
  11 giant cockroaches
  8 goblins
  3 hobgoblins
  13 jackals
  2 quokkas
  A ball python (D:3)
  4 bats
  5 frilled lizards
  A hobgoblin zombie (D:4)
  A jackal skeleton (D:6)
  A jackal zombie (D:8)
  19 kobolds
  2 kobold zombies (D:4)
  A leopard gecko skeleton (D:4)
  An orc zombie (D:4)
  2 quokka skeletons
  12 rats
  A spectral orc (D:4)
220 creatures vanquished.

Vanquished Creatures (collateral kills)
  Menkaure (D:4)
  2 ice beasts
  A wyvern zombie (D:9)
  A quasit (D:9)
  A centaur skeleton (D:4)
6 creatures vanquished.

Vanquished Creatures (others)
  2 fungi (D:9)
2 creatures vanquished.

Grand Total: 228 creatures vanquished

Notes
Turn   | Place    | Note
-------+----------+-------------------------------------------
     0 | D:1      | Amnesiac the Mummy Ice Elementalist began the quest for the Orb.
     0 | D:1      | Reached XP level 1. HP: 13/13 MP: 4/4
   408 | D:1      | Reached XP level 2. HP: 17/19 MP: 0/5
   735 | D:3      | Found a shattered altar of Ashenzari.
   809 | D:3      | Reached XP level 3. HP: 22/24 MP: 1/7
   814 | D:3      | Learned a level 3 spell: Ozocubu's Armour
   948 | D:4      | Found a basalt altar of Yredelemnul.
  1008 | D:4      | Reached XP level 4. HP: 19/30 MP: 3/9
  1238 | D:3      | Found a glowing drain.
  1245 | Sewer    | Entered a sewer
  1485 | Sewer    | Noticed a big kobold
  1496 | Sewer    | Killed a big kobold
  1496 | Sewer    | Reached XP level 5. HP: 31/35 MP: 2/11
  1607 | Sewer    | Reached XP level 6. HP: 41/41 MP: 6/13
  1737 | Sewer    | Reached skill level 5 in Spellcasting
  1737 | Sewer    | Reached skill level 5 in Ice Magic
  2086 | D:3      | Learned a level 4 spell: Throw Icicle
  2091 | D:3      | Learned a level 4 spell: Summon Ice Beast
  2582 | D:4      | Noticed Menkaure
  2601 | D:4      | Killed Menkaure
  2601 | D:4      | Reached XP level 7. HP: 14/46 MP: 0/15
  3573 | D:5      | Entered Level 5 of the Dungeon
  3864 | D:5      | Reached skill level 1 in Shields
  4463 | D:6      | Reached XP level 8. HP: 39/52 MP: 13/17
  4466 | D:6      | Found a glowing silver altar of Zin.
  4506 | D:6      | Found a white marble altar of Elyvilon.
  4506 | D:6      | Found an ornate altar of the Wu Jian Council.
  4735 | D:6      | Reached skill level 1 in Conjurations
  4747 | D:6      | Noticed Edmund
  4754 | D:6      | Killed Edmund
  4981 | D:6      | You fall through a shaft!
  5344 | D:7      | Found a staircase to the Ecumenical Temple.
  5388 | Temple   | Entered the Ecumenical Temple
  5433 | Temple   | Became a worshipper of Vehumet
  6855 | D:3      | Reached * piety under Vehumet
  6855 | D:3      | Offered knowledge of Flame Tongue by Vehumet.
  7731 | D:7      | Reached skill level 5 in Conjurations
  7834 | D:7      | Reached XP level 9. HP: 28/57 MP: 13/18
  8121 | D:8      | Found a runed door.
  8132 | D:8      | Found a basalt altar of Yredelemnul.
  8260 | D:8      | Noticed a two-headed ogre
  8430 | D:8      | Killed a two-headed ogre
  8489 | D:8      | Noticed Joseph
  8541 | D:8      | HP: 2/57 [Joseph/uncursed quarterstaff (14)]
  8542 | D:8      | Killed Joseph
  8912 | D:8      | Offered knowledge of Searing Ray by Vehumet.
  8915 | D:8      | Reached ** piety under Vehumet
  9047 | D:8      | Noticed a two-headed ogre
  9309 | D:8      | Killed a two-headed ogre
  9309 | D:8      | Reached XP level 10. HP: 47/63 MP: 0/21
  9771 | D:9      | Offered knowledge of Ignite Poison by Vehumet.
 10071 | D:9      | Found a staircase to the Lair.
 10400 | D:9      | Found Honiogan's General Store.
 10403 | D:9      | Found a runed gate.
 10405 | D:9      | Found a runed gate.
 10406 | D:9      | Found a runed gate.
 10413 | D:9      | Noticed Sylith's ghost (novice DsCK)
 10445 | D:9      | Reached *** piety under Vehumet
 10595 | D:9      | Found a shimmering altar of Xom.
 10780 | D:9      | Found an opulent altar of Gozag.
 10809 | D:9      | Mangled by Sylith's ghost

Skill      XL: |  1  2  3  4  5  6  7  8  9 10 |
---------------+-------------------------------+-----
Spellcasting   | 3 4 5 6 7 |  7.9
Ice Magic      | 3 4 5 6 7 8 |  8.1
Shields        | 3 4 |  4.0
Conjurations   | 5 7 8 |  8.1
Dodging        | 3 |  3.8
Stealth        | |  1.5

Action                   |  1- 3 |  4- 6 |  7- 9 | 10-12 || total
-------------------------+-------+-------+-------+-------++-------
Melee: Unarmed           |       |    19 |       |       ||    19
 Fire: Hunting sling     |       |       |   275 |    83 ||   358
 Cast: Freeze            |    35 |   118 |   200 |    31 ||   384
       Summon Ice Beast  |       |     5 |     2 |     7 ||    14
       Throw Icicle      |       |       |    22 |    31 ||    53
Evoke: Wand              |       |       |     1 |     8 ||     9
  Use: Scroll            |     4 |     4 |     5 |       ||    13
Armor: Robe              |     2 |    16 |    46 |    11 ||    75
       Troll leather arm |       |       |       |    24 ||    24
Dodge: Dodged            |    17 |    81 |   136 |    70 ||   304
Block: Buckler           |       |       |    52 |    26 ||    78
       Other             |       |       |     1 |       ||     1
       Reflection        |       |       |     2 |       ||     2
